 Dungeon Crawl Stone Soup version 0.21.1-1-g345015f (webtiles) character file.

35 tidbits the Digger (level 3, 24/25 HPs)
             Began as a Gnoll Earth Elementalist on Feb 6, 2018.
             Quit the game on level 4 of the Dungeon.
             The game lasted 00:03:28 (347 turns).

tidbits the Digger (Gnoll Earth Elementalist)        Turns: 347, Time: 00:03:29

Health: 24/25      AC:  2    Str: 10    XL:     3   Next: 33%
Magic:  7/9        EV: 14    Int: 18    God:
Gold:   59         SH:  0    Dex: 15    Spells: 9/12 levels left

rFire    . . .     SeeInvis .   f - +0 short sword
rCold    . . .     Gourm    .   (no shield)
rNeg     . . .     Faith    .   c - +0 robe
rPois    .         Spirit   .   (no helmet)
rElec    .         Reflect  .   (no cloak)
rCorr    .         Harm     .   (no gloves)
MR       .....                  (no boots)
Stlth    +.........             (no amulet)
HPRegen  0.08/turn              (no ring)
MPRegen  0.11/turn              (no ring)

@: glowing
A: distributed training, fangs 1, strong nose
a: no special abilities


You were on level 4 of the Dungeon.
You were not hungry.

You visited 1 branch of the dungeon, and saw 4 of its levels.

You collected 59 gold pieces.

Inventory:

Hand Weapons
 f - a +0 short sword (weapon)
Missiles
 b - 26 stones
 j - 4 tomahawks (quivered)
 k - 24 arrows
Armour
 c - a +0 robe (worn)
Scrolls
 a - a scroll of enchant weapon {unknown}
 g - 2 scrolls of identify {unknown}
 h - a scroll of teleportation {unknown}
 i - 2 scrolls of remove curse {unknown}
Books
 e - a book of Geomancy

   Spells                             Type                      Level
   a - Sandblast                      Earth                        1
   b - Passwall                       Transmutation/Earth          2
   c - Stone Arrow                    Conjuration/Earth            3
   d - Petrify                        Transmutation/Earth          4
   e - Lee's Rapid Deconstruction     Earth                        5
Comestibles
 d - 2 rations


   Skills:
 + Level 0.7 Fighting
 + Level 0.7 Short Blades
 + Level 0.7 Long Blades
 + Level 0.7 Axes
 + Level 0.7 Maces & Flails
 + Level 0.7 Polearms
 + Level 0.7 Staves
 + Level 0.7 Slings
 + Level 0.7 Bows
 + Level 0.7 Crossbows
 + Level 0.7 Throwing
 + Level 0.7 Armour
 + Level 4.5 Dodging
 + Level 4.1 Stealth
 + Level 0.7 Shields
 + Level 0.7 Unarmed Combat
 + Level 5.0 Spellcasting
 + Level 0.5 Conjurations
 + Level 0.5 Hexes
 + Level 0.5 Charms
 + Level 0.5 Summonings
 + Level 0.5 Necromancy
 + Level 0.5 Translocations
 + Level 2.1 Transmutations
 + Level 0.5 Fire Magic
 + Level 0.5 Ice Magic
 + Level 0.5 Air Magic
 + Level 5.4 Earth Magic
 + Level 0.5 Poison Magic
 + Level 0.9 Invocations
 + Level 0.7 Evocations


You had 9 spell levels left.
You knew the following spells:

 Your Spells              Type           Power        Failure   Level  Hunger
a - Sandblast             Erth           ###...       1%          1    None
p - Passwall              Tmut/Erth      ###.......   4%          2    #......


Dungeon Overview and Level Annotations

Branches:
Dungeon (4/15)
 Temple: D:4-7

Altars:
Nemelex Xobeh
Zin

Annotations:
D:4 wilfster70's ghost, amateur GnEn


Innate Abilities, Weirdness & Mutations

Your experience applies equally to all skills.
You have very sharp teeth.
Your uncanny sense of smell can sniff out nearby items.


Message History

Press: ? - help, Shift-Dir - straight line, f - dart slug
Aim: a dart slug The blast of sand hits the dart slug.
You kill the dart slug!
Your Spellcasting skill increases to level 5!
b - 30 stones
Casting: Sandblast
Confirm with . or Enter, or press ? or * to list all spells.
Aiming: Sandblast
Press: ? - help, Shift-Dir - straight line, f - worm
Aim: a worm The blast of sand hits the worm.
The worm is severely wounded.
b - 29 stones
Casting: Sandblast
Confirm with . or Enter, or press ? or * to list all spells.
Aiming: Sandblast
Press: ? - help, Shift-Dir - straight line, f/p - worm
Aim: a worm (severely wounded)
The blast of sand hits the worm.
You kill the worm!
b - 28 stones
Things that are here:
a dagger; 9 gold pieces; a goblin corpse You now have 59 gold pieces (gained 9).
You see here a goblin corpse.
You see here a stone.
b - 29 stones (gained 1)
Things that are here:
a short sword; a scroll labeled KUSEHY YJOKA; a kobold corpse
g - 2 scrolls labeled KUSEHY YJOKA (gained 1)
The rat misses you.
You closely miss the rat. The rat barely misses you.
You hit the rat.
You kill the rat!
You see here a ration.
d - 2 rations (gained 1)
Found a stone staircase leading down.
Found 24 arrows.
You see here a scroll labeled ZOVVER VIACU.
i - 2 scrolls labeled ZOVVER VIACU (gained 1)
You see here 24 arrows.
k - 24 arrows
There is a stone staircase leading down here.
You climb downwards.
There is a stone staircase leading up here.
Unknown command.
An orc comes into view. It is wielding a whip.
Unknown command.
Unknown command.
Casting: Sandblast
Confirm with . or Enter, or press ? or * to list all spells.
Aiming: Sandblast
Press: ? - help, Shift-Dir - straight line, f - orc
Aim: an orc, wielding a whip (resting)
The blast of sand hits the orc.
You kill the orc!
b - 28 stones
Things that are here:
a whip; 2 tomahawks
j - 4 tomahawks (gained 2) Quiver which item? (- for none, * to show all) (? for menu, Esc to quit)
Quivering
j - 4 tomahawks for throwing.
You open the door.
There is an open door here.
Wilfster70's ghost (amateur Gnoll Enchanter) comes into view.
You aren't carrying any potions.
Unknown command.
Casting: Sandblast
Confirm with . or Enter, or press ? or * to list all spells.
Aiming: Sandblast
Press: ? - help, Shift-Dir - straight line, f - wilfster70's ghost
Aim: wilfster70's ghost (hasn't noticed you)
The blast of sand misses wilfster70's ghost.
b - 27 stones Wilfster70's ghost moves out of view.
Casting: Sandblast
Confirm with . or Enter, or press ? or * to list all spells.
Aiming: Sandblast
Press: ? - help, Shift-Dir - straight line, f/p - wilfster70's ghost
Aim: wilfster70's ghost The blast of sand hits wilfster70's ghost.
Wilfster70's ghost is lightly damaged.
b - 26 stones Wilfster70's ghost whispers, "Death is liberation."
Wilfster70's ghost points at you and mumbles some strange words.
You are confused.
You aren't carrying any potions.
Unknown command.
You're too confused!
Unknown command.
You bump into the rock wall.
Wilfster70's ghost whispers, "Trust me.
Just give in."
You bump into the rock wall.
Wilfster70's ghost points at you and mumbles some strange words.
You are outlined in light.
Wilfster70's ghost gestures at you while chanting.
You resist with significant effort.
You feel less confused.
Are you sure you want to abandon this character and quit the game? (Confirm with "yes".)

∆ ∆## # ∆ #.### ###.#
#....## ....# #.###@###
.#..# #...W...#### .#..#
.######........ .#..#
................
....###########.........
)#..#...................
.##.#.#########.#######.
'#........... .##
......####### .


You could see wilfster70's ghost.

Vanquished Creatures
  2 worms (D:3)
  A dart slug (D:3)
  An orc (D:4)
  2 bats (D:3)
  3 giant cockroaches
  3 goblins (D:3)
  2 jackals (D:3)
  4 kobolds
  5 rats
23 creatures vanquished.

Notes
Turn   | Place    | Note
-------+----------+-------------------------------------------
     0 | D:1      | tidbits the Gnoll Earth Elementalist began the quest for the Orb.
     0 | D:1      | Reached XP level 1. HP: 13/13 MP: 6/6
    84 | D:3      | Reached skill level 2 in Transmutations
    96 | D:3      | Reached XP level 2. HP: 17/19 MP: 0/7
   100 | D:3      | Learned a level 2 spell: Passwall
   171 | D:2      | Found a glowing silver altar of Zin.
   238 | D:3      | Found a sparkling altar of Nemelex Xobeh.
   250 | D:3      | Reached XP level 3. HP: 25/25 MP: 3/9
   253 | D:3      | Reached skill level 5 in Spellcasting
   338 | D:4      | Noticed wilfster70's ghost (amateur GnEn)
   347 | D:4      | Quit the game

Skill      XL: |  1  2  3 |
---------------+----------+-----
Transmutations | 2 |  2.1
Spellcasting   | 5 |  5.0
Fighting       | |  0.7
Short Blades   | |  0.7
Long Blades    | |  0.7
Axes           | |  0.7
Maces & Flails | |  0.7
Polearms       | |  0.7
Staves         | |  0.7
Slings         | |  0.7
Bows           | |  0.7
Crossbows      | |  0.7
Throwing       | |  0.7
Armour         | |  0.7
Dodging        | |  4.5
Stealth        | |  4.1
Shields        | |  0.7
Unarmed Combat | |  0.7
Conjurations   | |  0.5
Hexes          | |  0.5
Charms         | |  0.5
Summonings     | |  0.5
Necromancy     | |  0.5
Translocations | |  0.5
Fire Magic     | |  0.5
Ice Magic      | |  0.5
Air Magic      | |  0.5
Earth Magic    | |  5.4
Poison Magic   | |  0.5
Invocations    | |  0.9
Evocations     | |  0.7

Action                   || total
-------------------------++-------
Melee: Short sword       ||    22
       Bite              ||     1
 Cast: Sandblast         ||    24
 Stab: Sleeping          ||     3
Armor: Robe              ||     3
Dodge: Dodged            ||    19

Table legend:
 A = Turns spent in this place as a percentage of turns spent in the entire game.
 B = Non-inter-level travel turns spent in this place as a percentage of non-inter-level travel turns spent in the entire game.
 C = Inter-level travel turns spent in this place as a percentage of turns spent in this place.
 D = Turns resting spent in this place as a percentage of non-inter-level travel turns spent in this place.
 E = Turns spent auto-exploring this place as a percentage of non-inter-level travel turns spent in this place.
 F = Non-inter-level travel turns spent in this place divided by the number of levels of this place that you've seen.
                   A       B       C       D       E      F
               +-------+-------+-------+-------+-------+----------------------
         Total | 100.0 | 100.0 |   0.0 |   0.0 |   0.0 |  86.8
       Dungeon | 100.0 | 100.0 |   0.0 |   0.0 |   0.0 |  86.8
               +-------+-------+-------+-------+-------+----------------------

Table legend:
 A = Kills in this place as a percentage of kills in entire the game.
 B = Kills by you in this place as a percentage of kills by you in the entire game.
 C = Kills by friends in this place as a percentage of kills by friends in the entire game.
 D = Other kills in this place as a percentage of other kills in the entire game.
 E = Experience gained in this place as a percentage of experience gained in the entire game.
 F = Experience gained in this place divided by the number of levels of this place that you have seen.
                   A       B       C       D       E      F
               +-------+-------+-------+-------+-------+----------------------
         Total | 100.0 | 100.0 |   N/A |   N/A | 100.0 |  12.5
       Dungeon | 100.0 | 100.0 |   N/A |   N/A | 100.0 |  12.5
               +-------+-------+-------+-------+-------+----------------------

Vault maps used:
D:1:      dpeg_arrival_simpleton_b
D:2:      zin_academy, first_ration, minmay_misc_feat_hallway
D:3:      lemuel_crystal_altar, fedhas_altar_3, uniq_ijyb
D:4:      grunt_temple_overflow_magic_moments, overflow_temple_1_default,
          nemelex_diamond_rough_becter
